 Dungeon Crawl Stone Soup version 0.24.0-123-gd5b16e6ec5 (webtiles) character file.

Game seed: 12587312379761767315, levelgen mode: deterministic

1901 Bluestream the Cleaver (level 8, -3/115 HPs)
             Began as a Minotaur Berserker on Feb 2, 2020.
             Was a Priest of Trog.
             Slain by a sky beast (5 damage)
             ... on level 5 of the Dungeon.
             The game lasted 00:10:38 (5199 turns).

Bluestream the Cleaver (Minotaur Berserker)         Turns: 5199, Time: 00:10:39

Health: -3/115     AC:  5    Str: 29    XL:     8   Next: 94%
Magic:  7/7        EV: 14    Int:  4    God:    Trog [***...]
Gold:   278        SH:  0    Dex: 10    Spells: 7/7 levels left

rFire    . . .     SeeInvis .   p - +0 hand axe (chop)
rCold    + . .     Gourm    .   (no shield)
rNeg     . . .     Faith    .   q - +2 leather armour {rC+}
rPois    .         Spirit   .   (helmet restricted)
rElec    .         Reflect  .   (no cloak)
rCorr    .         Harm     .   (no gloves)
MR       .....                  (no boots)
Stlth    ..........             (no amulet)
HPRegen  0.29/turn              (no ring)
MPRegen  0.10/turn              (no ring)

@: berserking (expiring), lethally poisoned (-3 -> -4), marked, slow
A: retaliatory headbutt, horns 2
a: Berserk, Trog's Hand, Renounce Religion


You were on level 5 of the Dungeon.
You worshipped Trog.
Trog was most pleased with you.
You were hungry.

You visited 1 branch of the dungeon, and saw 6 of its levels.

You collected 278 gold pieces.

Inventory:

Hand Weapons
 p - a +0 hand axe of chopping (weapon)
 u - the cursed +2 whip "Kosewar" {slash, +Inv rN++ Dex-2 SInv}
   (You took it off Ijyb on level 5 of the Dungeon)

   It inflicts extra damage upon your enemies.
   It affects your dexterity (-2).
   It greatly protects you from negative energy.
   It lets you see invisible.
   It lets you turn invisible.
   It has a curse placed upon it.
Armour
 q - a +2 leather armour of cold resistance (worn)
Wands
 t - a wand of random effects (16)
Scrolls
 a - a scroll of random uselessness {unknown}
 b - a scroll of remove curse {unknown}
 e - 7 scrolls of identify {unknown}
 g - 3 scrolls of teleportation {unknown}
 k - 2 scrolls of blinking {unknown}
 m - a scroll of amnesia {unknown}
 n - 2 scrolls of fog {unknown}
 s - a scroll of enchant armour {unknown}
Potions
 d - 2 potions of agility {unknown}
 f - a potion of brilliance {unknown}
 h - a potion of heal wounds {unknown}
 i - a potion of magic {unknown}
 j - a potion of berserk rage {unknown}
 l - a potion of curing {unknown}
 o - a potion of mutation {unknown}
 r - a potion of invisibility {unknown}
Comestibles
 c - 8 rations


   Skills:
 * Level 8.9 Fighting
 * Level 8.9 Axes
 + Level 6.0 Armour
 + Level 5.5 Dodging


You had 7 spell levels left.
You didn't know any spells.
Your spell library was empty.

Dungeon Overview and Level Annotations

Branches:
Dungeon (6/15)
 Temple: D:4-7

Altars:
Ashenzari
Okawaru
Wu Jian
Yredelemnul


Innate Abilities, Weirdness & Mutations

You reflexively headbutt those who attack you in melee.
You have a pair of horns on your head.


Message History

* * * LOW HITPOINT WARNING * * *
The sky beast shocks you.
* * * LOW HITPOINT WARNING * * *
You are too berserk!
You closely miss the sky beast. You headbutt the sky beast.
The sky beast is heavily wounded.
The sky beast closely misses you. You furiously retaliate!
You headbutt the sky beast.
Your unstable footing causes you to fumble your attack.
You hit the sky beast.
The sky beast is almost dead.
The sky beast flickers out of sight!
Deactivating autopickup; reactivate with Ctrl-A.
Something hits you but does no damage.
You miss something. Your headbutt misses something.
You feel sick.
Your unstable footing causes you to fumble your attack.
Something hits you.
* * * LOW HITPOINT WARNING * * *
Something shocks you.
You die...

#..................
#..................
#..................
#...........#######
#...........#
#.....[.....#
#...........#
#...........#
#.@.........#
#{..........#
#...........#
#############


There were no monsters in sight!

Vanquished Creatures
  Grinder (D:3)
  Duvessa (D:5)
  2 sky beasts (D:5)
  2 ice beasts (D:5)
  3 ogres
  A phantom (D:5)
  2 centaurs
  Dowan (D:5)
  A scorpion (D:5)
  A crimson imp (D:5)
  A centaur zombie (D:5)
  2 hounds
  An orc priest (D:4)
  2 bullfrog skeletons
  Ijyb (D:5)
  3 orc wizards
  4 worker ants (D:5)
  A killer bee zombie (D:5)
  A gnoll (D:1)
  3 worker ant zombies (D:5)
  4 adders
  A howler monkey skeleton (D:5)
  3 adder skeletons
  6 worms
  4 dart slugs
  3 leopard geckos
  6 orcs
  A giant cockroach (D:2)
  3 goblins
  3 hobgoblins
  7 jackals
  2 quokkas
  A ball python (D:3)
  A ball python zombie (D:5)
  8 bats
  2 frilled lizards
  A giant cockroach zombie (D:5)
  2 gnoll zombies (D:2)
  A jackal zombie (D:5)
  10 kobolds
  2 leopard gecko skeletons (D:5)
  A leopard gecko zombie (D:5)
  8 rats
114 creatures vanquished.

Notes
Turn   | Place    | Note
-------+----------+-------------------------------------------
     0 | D:1      | Bluestream the Minotaur Berserker began the quest for the
                  | Orb.
     0 | D:1      | Reached XP level 1. HP: 19/19 MP: 0/0
   121 | D:1      | Reached XP level 2. HP: 19/27 MP: 1/1
   861 | D:2      | Reached XP level 3. HP: 32/33 MP: 2/2
  1122 | D:2      | Found a basalt altar of Yredelemnul.
  1335 | D:2      | Found a faded altar of an unknown god.
  1786 | D:3      | Noticed Grinder
  1795 | D:3      | Reached ** piety under Trog
  2052 | D:3      | Paralysed by Grinder for 5 turns
  2060 | D:3      | Killed Grinder
  2060 | D:3      | Reached skill level 5 in Fighting
  2060 | D:3      | Reached skill level 5 in Axes
  2060 | D:3      | Reached XP level 4. HP: 35/42 MP: 3/3
  2060 | D:3      | Reached XP level 5. HP: 40/48 MP: 4/4
  2060 | D:3      | Reached XP level 6. HP: 47/56 MP: 5/5
  2386 | D:3      | Found a shattered altar of Ashenzari.
  2696 | D:4      | Found an ornate altar of the Wu Jian Council.
  2696 | D:4      | Found an iron altar of Okawaru.
  3706 | D:4      | Reached XP level 7. HP: 47/64 MP: 6/6
  3926 | D:5      | Entered Level 5 of the Dungeon
  3992 | D:5      | Reached *** piety under Trog
  4257 | D:5      | Reached skill level 5 in Armour
  4257 | D:5      | Reached XP level 8. HP: 67/73 MP: 7/7
  4411 | D:5      | Noticed Duvessa
  4411 | D:5      | Noticed Dowan
  4414 | D:5      | Killed Duvessa
  4417 | D:5      | Killed Dowan
  4417 | D:5      | Reached skill level 5 in Dodging
  4876 | D:5      | Identified the cursed +2 whip "Kosewar" {slash, +Inv rN++
                  | Dex-2 SInv}
  4876 | D:5      | Noticed Ijyb
  4887 | D:5      | Killed Ijyb
  5194 | D:5      | HP: 3/115 [sky beast (5)]
  5199 | D:5      | HP: 2/115 [something (1)]
  5199 | D:5      | Slain by a sky beast

Levels and vault maps discovered:
D:1:      dpeg_arrival_chambers_temple_mockup, layout_rooms
D:2:      layout_loops_ring, lemuel_zombie_altar_yredelemnul,
          chequers_ecumenical_altar_island
D:3:      layout_rooms, cheibrodos_ashenzari_chains, first_ration, uniq_grinder
D:4:      layout_layer_cave, chequers_temple_overflow_statue_of_worship
D:5:      layout_basic, serial_undead, serial_undead_d, serial_undead_f,
          serial_undead_f, serial_undead_d, uniq_ijyb, uniq_duvessa
D:6:      layout_cave_pools, slow_altar_1, uniq_menkaure

Skill      XL: |  1  2  3  4  5  6  7  8 |
---------------+-------------------------+-----
Fighting       | 4 5 6 7 8 |  8.9
Axes           | 4 5 6 7 8 |  8.9
Armour         | 3 4 5 6 |  6.0
Dodging        | 3 4 5 |  5.5

Action                   |  1- 3 |  4- 6 |  7- 9 || total
-------------------------+-------+-------+-------++-------
Melee: Hand axe          |    93 |    81 |   164 ||   338
       Headbutt          |     9 |    16 |    33 ||    58
Invok: Berserk           |     3 |     1 |     4 ||     8
  Eat: Chunk             |     5 |     7 |     5 ||    17
       Ration            |       |       |     1 ||     1
Armor: Animal skin       |    13 |       |       ||    13
       Leather armour    |    10 |    25 |    34 ||    69
Dodge: Dodged            |    52 |    50 |    88 ||   190
